 Dungeon Crawl Stone Soup version 0.22-a0-422-g9628fc8 (webtiles) character file.

4 Amnesiac the Sneak (level 1, -1/13 HPs)
             Began as a Vampire Enchanter on May 20, 2018.
             Slain by a leopard gecko (4 damage)
             ... on level 1 of the Dungeon.
             The game lasted 00:00:46 (243 turns).

Amnesiac the Sneak (Vampire Enchanter)               Turns: 243, Time: 00:00:47

Health: -1/13      AC:  2    Str:  7    XL:     1   Next: 50%
Magic:  1/3        EV: 12    Int: 17    God:
Gold:   24         SH:  0    Dex: 14    Spells: 3/4 levels left

rFire    . . .     SeeInvis +   a - +1 dagger
rCold    . . .     Gourm    .   (no shield)
rNeg     + . .     Faith    .   b - +0 robe
rPois    .         Spirit   .   (no helmet)
rElec    .         Reflect  .   (no cloak)
rCorr    .         Harm     .   (no gloves)
MR       .....                  (no boots)
Stlth    +++.......             (no amulet)
HPRegen  0.04/turn              (no ring)
MPRegen  0.08/turn              (no ring)

@: no status effects
A: fangs 3, see invisible, unbreathing
a: no special abilities


You were on level 1 of the Dungeon.
You were not thirsty.

You visited 1 branch of the dungeon, and saw 2 of its levels.

You collected 24 gold pieces.

Inventory:

Hand Weapons
 a - a +1 dagger (weapon)
Armour
 b - a +0 robe (worn)
 f - a +0 pair of boots
 h - a +0 cloak
Jewellery
 e - an uncursed ring of flight {unknown}
Scrolls
 c - 3 scrolls of fog {!r, unknown}
 i - a scroll of teleportation {!r, unknown}
Potions
 d - 2 potions of blood {!q}
 g - a potion of agility {!q, unknown}
 j - a potion of mutation {!q, unknown}


   Skills:
 + Level 1.1 Short Blades
 + Level 2.2 Dodging
 * Level 4.6 Stealth
 + Level 2.0 Spellcasting
 * Level 4.5 Hexes


You had 3 spell levels left.
You knew the following spells:

 Your Spells              Type           Power        Failure   Level  Hunger
a - Corona                Hex            ###....      3%          1    #......

Your spell library contained the following spells:

 Spells                   Type           Power        Failure   Level  Hunger
 Confuse                  Hex            ###.....     9%          3    ###....
 Tukima's Dance           Hex            ###.....     9%          3    ###....
 Ensorcelled Hibernation  Hex/Ice        #.....       12%         2    ###....
 Dazzling Spray           Conj/Hex       #.....       22%         3    ###....


Dungeon Overview and Level Annotations

Branches:
Dungeon (2/15)

Altars:


Innate Abilities, Weirdness & Mutations

You have razor-sharp teeth.
You have supernaturally acute eyesight. (SInv)
You can survive without breathing.


Message History

You closely miss the rat. The rat barely misses you.
The leopard gecko hisses angrily.
Casting: Corona (safe; 3% risk of failure)
Confirm with . or Enter, or press ? or * to list all spells.
Aiming: Corona (safe; 3% risk of failure)
Press: ? - help, Shift-Dir - straight line, f/p - rat
Aim: a rat (chance to defeat MR: 71%)
The rat is outlined in light.
The rat closely misses you.
You barely miss the rat. The rat bites you.
The leopard gecko hisses menacingly.
Found a sapphire potion.
The rat stops glowing.
You see here a sapphire potion {!q}.
j - a sapphire potion {!q} The rat misses you.
Found 19 arrows.
Found a stone staircase leading down.
There is a stone staircase leading down here.
The rat barely misses you.
You climb downwards. 3 bats, 2 adders and a goblin come into view.
The goblin shouts!
The adder hisses angrily.
Found 11 gold pieces, a robe and an orange potion.
There is a stone staircase leading up here.
The adder hisses angrily.
The bat hits you but does no damage. The rat barely misses you.
The bat barely misses you.
You climb upwards.
There is a stone staircase leading down here.
Casting: Corona (safe; 3% risk of failure)
Confirm with . or Enter, or press ? or * to list all spells.
Aiming: Corona (safe; 3% risk of failure)
Press: ? - help, Shift-Dir - straight line, f - rat
Aim: a rat (chance to defeat MR: 71%)
The rat is outlined in light.
The bat hits you. The rat bites you but does no damage.
You hit the rat.
You kill the rat!
The leopard gecko closely misses you.
You see here a rat corpse.
Casting: Corona (safe; 3% risk of failure)
Confirm with . or Enter, or press ? or * to list all spells.
Aiming: Corona (safe; 3% risk of failure)
Press: ? - help, Shift-Dir - straight line, f - leopard gecko
Aim: a leopard gecko (clinging, chance to defeat MR: 71%)
The leopard gecko is outlined in light.
The leopard gecko closely misses you.
You closely miss the leopard gecko. The leopard gecko barely misses you.
You barely miss the leopard gecko.
The leopard gecko hisses menacingly.
The leopard gecko bites you.
You hit the leopard gecko but do no damage.
You bite the leopard gecko.
The leopard gecko is almost dead.
The leopard gecko bites you.
* * * LOW HITPOINT WARNING * * *
The leopard gecko bites you but does no damage.
You barely miss the leopard gecko.
The leopard gecko is severely wounded.
The leopard gecko bites you.
* * * LOW HITPOINT WARNING * * *
You closely miss the leopard gecko.
The leopard gecko is severely wounded.
The leopard gecko bites you.
You die...

####.## #......## #.# #
#..#..# ##.......## #.# #
#...## #......<..# #.# #...##
#.........# #.#
#....###........#########.####
##....#.....#.###l............
#.......#######.##########.##
####...########.## ##.#.#
######...@lb..# ####.#..##
#######..............
#.(.#####....## ....$...!....#
#.########.†.# #.# #..... #.#
#.l### .# .... ##..#


You could see a leopard gecko and a bat.

Vanquished Creatures
  A hobgoblin (D:1)
  2 goblins (D:1)
  A rat (D:1)
4 creatures vanquished.

Notes
Turn   | Place    | Note
-------+----------+-------------------------------------------
     0 | D:1      | Amnesiac the Vampire Enchanter began the quest for the Orb.
     0 | D:1      | Reached XP level 1. HP: 13/13 MP: 3/3
   243 | D:1      | Slain by a leopard gecko

Vault maps used:
D:1:      dpeg_arrival_arbitrary_a, minmay_crystal_water
D:2:      lemuel_crystal_altar, makhleb_heckhound_becter, grunt_ministairs_2,
          uniq_crazy_yiuf_cottage

Action                   || total
-------------------------++-------
Melee: Dagger            ||    17
       Bite              ||     2
 Cast: Corona            ||     5
 Stab: Sleeping          ||     2
Armor: Robe              ||     3
Dodge: Dodged            ||    16

Table legend:
 A = Spawn XP
 B = Non-spawn XP
 C = Spawn XP percentage of total XP
 D = Spawn monster count
 E = Non-spawn monster count
 F = Spawn count percentage of total count
 G = Total turns spent on level
                    A         B        C        D         E        F      G
               +---------+---------+-------+---------+---------+-------+---------
         Total |       0 |       6 |   0.0 |       0 |       4 |   0.0 |   243
               +---------+---------+-------+---------+---------+-------+---------
           D:1 |       0 |       6 |   0.0 |       0 |       4 |   0.0 |   241
               +---------+---------+-------+---------+---------+-------+---------
